Map: Ephemeron LE

Players

Serral - Winner!

  • Race: Zerg Zerg
  • League: Master
  • Spawn Location: 5:00

BlyOnFire (Bly)

  • Race: Zerg Zerg
  • League: Grandmaster
  • Spawn Location: 11:00

Event: HomeStory Cup XX

VOD

Have the link to the VOD?

Description

Time

  • Played on: Nov. 22, 2019, 3:06 p.m.
  • Length: 15:27

All games in this series

Show
View Real Time Build Order
Export as new Build Order

Serral Zerg - Winner!

Build Orders: Hatch First, Lurkers, Roach Hydra 

Get SALT Encoding   

  12  0:00  Drone  
  13  0:12  Overlord  
  13  0:17  Drone  
  14  0:30  Drone x2  
  16  0:48  Hatchery  
  15  0:51  Drone  
  15  0:54  Drone  
  17  0:58  Drone  
  18  1:08  Extractor  
  17  1:13  Spawning Pool  
  17  1:16  Drone  
  17  1:19  Drone  
  18  1:28  Drone  
  19  1:38  Drone  
  20  1:49  Drone  
  21  1:59  Queen x2  
  21  2:00  Zergling x2, Overlord  
  26  2:07  Metabolic Boost  
  26  2:10  Drone  
  26  2:11  Drone  
  28  2:22  Drone  
  29  2:24  Zergling x2  
  30  2:33  Hatchery  
  30  2:36  Zergling x2  
  30  2:39  Zergling x2  
  30  2:43  Overlord  
  31  2:45  Drone  
  31  2:53  Drone  
  31  2:54  Drone  
  33  3:00  Evolution Chamber  
  33  3:04  Drone x2  
  34  3:07  Drone  
  34  3:08  Zergling x2  
  34  3:09  Zergling x2  
  34  3:10  Drone  
  38  3:13  Drone  
  38  3:18  Overlord  
  40  3:20  Drone  
  40  3:25  Zerg Missile Weapons Level 1  
  40  3:27  Drone  
  40  3:32  Drone  
  40  3:33  Roach Warren  
  41  3:38  Drone x2  
  41  3:39  Drone  
  44  3:46  Queen  
  44  3:47  Drone  
  47  3:49  Extractor x2  
  47  3:52  Drone x2  
  47  3:54  Drone  
  48  3:56  Drone  
  48  3:57  Drone  
  48  3:59  Drone  
  51  4:04  Overlord  
  51  4:06  Drone  
  51  4:07  Drone  
  53  4:13  Drone x2  
  53  4:14  Lair  
  55  4:17  Overlord  
  55  4:20  Overlord  
  55  4:23  Roach  
  57  4:26  Roach  
  57  4:28  Roach  
  61  4:33  Overlord  
  61  4:34  Roach  
  61  4:36  Roach  
  65  4:42  Drone  
  65  4:45  Roach x2  
  70  4:50  Roach x3  
  80  5:01  Overlord  
  80  5:04  Roach  
  80  5:05  Roach  
  84  5:09  Overlord  
  84  5:12  Roach x5  
  89  5:15  Overlord  
  89  5:18  Spine Crawler  
  89  5:20  Roach x2  
  92  5:23  Glial Reconstitution  
  92  5:26  Roach  
  92  5:27  Roach  
  96  5:33  Roach  
  96  5:34  Roach x2  
  92  5:44  Roach x4  
  96  5:58  Roach x2  
  96  5:59  Roach x2  
  89  6:11  Drone x2  
  89  6:12  Drone x5  
  89  6:13  Queen  
  89  6:14  Overseer  
  96  6:19  Overlord  
  96  6:23  Zerg Missile Weapons Level 2  
  96  6:27  Drone x4  
  96  6:31  Queen  
  102  6:36  Overlord  
  102  6:39  Overlord  
  102  6:43  Roach x2  
  102  6:46  Roach  
  108  6:48  Roach  
  108  6:52  Roach x2  
  108  6:54  Overlord  
  114  6:55  Overlord x2  
  114  6:58  Pneumatized Carapace  
  114  6:59  Overseer  
  114  7:03  Roach  
  114  7:05  Extractor  
  114  7:06  Drone x3  
  118  7:08  Overlord  
  118  7:13  Roach x3  
  124  7:19  Drone x2  
  124  7:21  Overlord  
  124  7:22  Roach x2  
  130  7:28  Roach  
  130  7:29  Roach x2  
  136  7:31  Overlord  
  136  7:34  Roach  
  136  7:35  Roach x2  
  142  7:37  Extractor  
  141  7:48  Drone  
  141  7:50  Drone  
  143  7:56  Drone, Hydralisk Den  
  143  8:03  Spore Crawler  
  143  8:04  Spore Crawler, Queen  
  143  8:05  Queen x2  
  147  8:06  Spore Crawler  
  146  8:13  Drone x7  
  146  8:14  Extractor  
  146  8:15  Drone x2  
  146  8:16  Drone x2  
  146  8:19  Drone  
  157  8:21  Spore Crawler  
  157  8:27  Infestation Pit, Lurker Den  
  155  8:28  Grooved Spines  
  155  8:33  Overlord  
  155  8:36  Hydralisk x3  
  155  8:40  Queen  
  163  8:45  Hydralisk x2  
  167  8:49  Zerg Ground Armor Level 1  
  167  8:57  Hydralisk x4  
  175  9:03  Overlord x2  
  175  9:06  Overlord  
  175  9:07  Overlord  
  175  9:16  Hydralisk  
  175  9:17  Hydralisk  
  178  9:25  Overlord x2  
  177  9:32  Hydralisk  
  177  9:33  Hydralisk x6  
  191  9:40  Muscular Augments  
  187  9:46  Lurker x2, Hydralisk x3  
  187  9:51  Hydralisk  
  195  9:57  Lurker  
  196  10:02  Spore Crawler  
  193  10:09  Spore Crawler  
  193  10:11  Spore Crawler  
  193  10:13  Infestation Pit  
  189  10:14  Lurker x2  
  189  10:15  Hatchery  
  189  10:16  Lurker  
  189  10:20  Drone x2  
  191  10:22  Spore Crawler x2  
  191  10:26  Hydralisk x2  
  191  10:27  Hydralisk x2  
  187  10:39  Tunneling Claws  
  187  10:40  Burrow  
  187  10:41  Drone x3  
  190  10:47  Hydralisk x3  
  190  10:49  Spore Crawler  
  195  10:50  Spore Crawler x2  
  191  11:00  Hive  
  191  11:02  Drone x3  
  191  11:04  Extractor  
  193  11:08  Lurker  
  193  11:09  Drone x6  
  200  11:13  Overseer, Overlord  
  200  11:16  Spore Crawler  
  200  11:17  Spore Crawler  
  198  11:25  Lurker, Spore Crawler  
  197  11:30  Extractor  
  197  11:34  Spore Crawler  
  197  11:37  Extractor  
  197  11:39  Zerg Ground Armor Level 2  
  195  11:41  Evolution Chamber  
  195  11:42  Drone x3  
  195  11:43  Drone x3  
  200  11:53  Roach x10  
  198  11:56  Drone x2  
  197  12:05  Drone  
  197  12:06  Drone  
  199  12:12  Zerg Missile Weapons Level 3  
  197  12:19  Lurker x4, Hydralisk x2  
  199  12:28  Roach x2  
  199  12:29  Roach x2  
  193  12:30  Roach x2  
  193  12:32  Hydralisk x3  
  193  12:33  Roach x6  
  193  12:34  Roach x9  
  193  12:35  Roach x2  
  184  12:38  Hydralisk  
  184  12:39  Hydralisk  
  184  12:42  Seismic Spines  
  185  12:47  Lurker  
  185  12:48  Lurker x2  
  185  12:49  Spore Crawler  
  187  12:52  Spore Crawler  
  187  12:54  Drone  
  187  12:55  Drone x2  
  187  12:57  Roach x2  
  187  12:58  Roach x2  
  187  13:07  Hydralisk x2  
  187  13:08  Hydralisk x2  
  185  13:18  Roach  
  185  13:19  Roach x4  
  195  13:23  Roach  
  195  13:24  Roach x2  
  195  13:25  Roach x2  
  189  13:34  Hydralisk x6  
  186  13:50  Hydralisk  
  186  13:51  Hydralisk x3  
  190  13:57  Hydralisk x2  
  190  14:01  Hydralisk x2  
  196  14:07  Viper  
  196  14:08  Viper  
  198  14:10  Hydralisk  
  198  14:13  Roach x2  
  198  14:14  Hydralisk, Roach  
  196  14:22  Hydralisk x2  
  200  14:36  Hydralisk x3  
  200  14:37  Hydralisk  
  198  14:47  Hydralisk x2  
  198  14:48  Hydralisk x2  
  188  14:53  Hydralisk  
  188  14:56  Hydralisk  
  172  15:03  Hydralisk x2  
Show
View Real Time Build Order
Export as new Build Order

BlyOnFire Zerg 

Build Orders: Hatch First 

Get SALT Encoding   

  12  0:05  Drone  
  13  0:15  Overlord  
  14  0:21  Drone  
  14  0:33  Drone x2  
  16  0:48  Hatchery  
  15  0:52  Drone  
  15  0:56  Drone  
  17  0:59  Drone  
  18  1:10  Extractor  
  17  1:14  Spawning Pool  
  17  1:17  Drone  
  17  1:22  Drone  
  18  1:31  Drone  
  19  1:43  Drone  
  20  1:52  Overlord  
  20  2:01  Queen x2  
  22  2:03  Zergling x2  
  22  2:04  Zergling x2  
  26  2:11  Drone  
  26  2:15  Drone  
  28  2:23  Drone  
  28  2:26  Drone  
  30  2:33  Evolution Chamber  
  30  2:35  Drone  
  30  2:49  Drone x3  
  30  2:51  Lair  
  33  2:57  Overlord  
  33  2:58  Drone  
  33  3:02  Roach Warren  
  33  3:06  Drone  
  33  3:07  Zerg Missile Weapons Level 1  
  33  3:12  Drone x3  
  36  3:16  Evolution Chamber  
  36  3:17  Drone x2  
  36  3:19  Drone  
  38  3:21  Drone  
  38  3:24  Extractor  
  37  3:27  Drone x2  
  39  3:35  Evolution Chamber  
  39  3:41  Drone  
  39  3:42  Drone x2  
  39  3:47  Drone x3  
  39  3:48  Extractor  
  43  3:49  Glial Reconstitution  
  43  3:51  Overlord  
  43  3:59  Overlord  
  43  4:01  Overlord  
  43  4:05  Overlord  
  43  4:10  Overlord  
  43  4:17  Roach  
  43  4:18  Roach x3  
  43  4:20  Roach  
  43  4:21  Roach  
  55  4:31  Roach  
  57  4:36  Roach x3  
  63  4:40  Roach x2  
  67  4:50  Roach x2  
  71  4:52  Overlord  
  71  5:04  Overlord  
  71  5:07  Roach x6  
  83  5:20  Roach x2  
  87  5:23  Overlord  
  87  5:34  Hatchery  
  78  5:43  Roach x6  
  78  5:44  Roach  
  90  5:54  Roach x4  
  84  6:09  Extractor, Roach x5  
  83  6:16  Drone x2  
  83  6:17  Drone  
  80  6:30  Nydus Network, Drone x2  
  81  6:47  Spire  
  81  6:49  Zerg Missile Weapons Level 2  
  81  6:50  Drone x7  
  87  7:00  Queen  
  90  7:03  Overlord x2  
  90  7:10  Extractor  
  90  7:15  Extractor  
  88  7:18  Overlord  
  88  7:59  Mutalisk x5  
  88  8:00  Zerg Flyer Weapons Level 1, Mutalisk x4  
  106  8:09  Mutalisk x2  
  110  8:16  Drone x3  
  110  8:17  Drone x4  
  117  8:21  Overlord  
  117  8:26  Hatchery  
  116  8:31  Mutalisk x3  
  122  8:34  Overlord  
  122  8:42  Mutalisk x2  
  126  8:53  Mutalisk x2  
  126  8:55  Overlord  
  130  9:00  Drone x6  
  136  9:08  Overlord  
  136  9:09  Mutalisk x2  
  138  9:17  Overlord  
  136  9:32  Baneling Nest  
  136  9:36  Mutalisk x4  
  136  9:38  Overlord  
  143  9:42  Zergling x16  
  151  9:47  Overlord  
  151  9:54  Metabolic Boost  
  149  10:16  Centrifical Hooks  
  149  10:18  Zerg Melee Weapons Level 1  
  149  10:21  Roach x13  
  167  10:37  Pneumatized Carapace  
  167  10:39  Drone x7  
  167  10:41  Overseer  
  167  10:42  Overseer  
  174  11:00  Drone x3  
  174  11:03  Overseer  
  177  11:05  Extractor  
  177  11:09  Zerg Flyer Weapons Level 2  
  177  11:10  Extractor  
  175  11:11  Overlord  
  175  11:12  Hatchery  
  175  11:14  Overseer x2, Zerg Ground Armor Level 1  
  174  11:20  Overseer  
  174  11:29  Spine Crawler x2  
  174  11:30  Spine Crawler  
  174  11:31  Spine Crawler  
  170  11:39  Baneling x2  
  168  11:40  Baneling x14  
  168  11:46  Infestation Pit  
  167  12:08  Mutalisk  
  167  12:09  Mutalisk x7  
  113  12:48  Mutalisk x7, Hive  
  127  12:52  Drone x3  
  127  12:53  Drone x7  
  127  12:56  Overseer x2  
  127  12:57  Overseer  
  135  13:02  Mutalisk x2  
  129  13:16  Roach x10  
  148  13:30  Roach x6  
  153  13:40  Zergling x10  
  153  13:41  Zergling x4  
  139  14:07  Baneling x4  
  139  14:08  Baneling x8  
  130  14:12  Roach x7  
  138  14:29  Mutalisk x2  
  138  14:30  Mutalisk x3  
  127  14:51  Mutalisk x4  
  94  15:00  Mutalisk x2  
Tags
 
Add a new tag
Caveats
  • Supply blocks, unpowered buildings, or Contaminate may cause inaccurate times.
  • Supply counts are checked every 10 seconds.